 Dungeon Crawl Stone Soup version 0.20-a0-947-g2784f4f (webtiles) character file.

2140 erloom the Fighter (level 9, -14/86 HPs)
             Began as a Minotaur Fighter on Apr 2, 2017.
             Was a Priest of Okawaru.
             Demolished by an orc knight
             ... wielding a +0 glaive
              (21 damage)
             ... in a bailey on Apr 3, 2017.
             The game lasted 00:17:46 (5247 turns).

erloom the Fighter (Minotaur Fighter)               Turns: 5247, Time: 00:17:47

Health: -14/86     AC: 16    Str: 24    XL:     9   Next: 9%
Magic:  7/8        EV:  5    Int:  8    God:    Okawaru [***...]
Gold:   349        SH: 10    Dex: 15    Spells: 8/8 levels left

rFire    . . .     SeeInvis .   u - +8 mace "Bawkoj" {venom, Str+2 Dex+6}
rCold    . . .     Gourm    .   c - +0 shield
rNeg     . . .     Faith    .   j - +3 plate armour
rPois    .         Spirit   .   (helmet restricted)
rElec    .         Reflect  .   (no cloak)
rCorr    .         Harm     .   d - +0 pair of gloves
MR       .....                  F - +0 pair of boots
Stlth    ..........             (no amulet)
Regen    0.3/turn               g - ring of flight
MPRegen  0.2/turn               x - +1 ring of evasion (curse)

@: flying
A: retaliatory headbutt, horns 2
a: Heroism, Renounce Religion, Stop Flying


You were in a bailey.
You worshipped Okawaru.
Okawaru was most pleased with you.
You were not hungry.

You visited 2 branches of the dungeon, and saw 8 of its levels.
You also visited: Bailey.

You collected 349 gold pieces.

Inventory:

Hand Weapons
 a - a +1 war axe
 u - the +8 mace "Bawkoj" (weapon) {venom, Str+2 Dex+6}
   (You found it on level 4 of the Dungeon)

   It poisons the flesh of those it strikes.
   It affects your strength (+2).
   It affects your dexterity (+6).
 A - a cursed +2 battleaxe
Armour
 c - a +0 shield (worn)
 d - a +0 pair of gloves (worn)
 j - a +3 plate armour (worn)
 F - a +0 pair of boots (worn)
Jewellery
 g - a ring of flight (left hand)
 x - a cursed +1 ring of evasion (right hand)
Wands
 q - a wand of lightning (9/15)
 z - a wand of disintegration (13/24)
Scrolls
 b - a scroll of recharging {unknown}
 e - 7 scrolls of identify
 i - a scroll of noise
 k - 2 scrolls of remove curse
 m - 2 scrolls of teleportation {unknown}
 n - 2 scrolls of blinking {unknown}
 o - 2 scrolls of magic mapping {unknown}
 t - a scroll of immolation {unknown}
 B - 2 scrolls of amnesia
Potions
 l - a potion of flight
 p - 4 potions of curing
 r - 2 potions of berserk rage
 s - 2 potions of brilliance {unknown}
 w - a potion of lignification
 D - 2 potions of agility {unknown}
Books
 y - a book of Cantrips

   Spells                             Type                      Level
   a - Confusing Touch                Hexes                        1
   b - Animate Skeleton               Necromancy                   1
   c - Summon Small Mammal            Summoning                    1
   d - Apportation                    Translocation                1
Comestibles
 f - 4 bread rations
 h - 5 royal jellies
 v - a meat ration
 C - a fruit
 E - 6 chunks of flesh


   Skills:
 + Level 10.6 Fighting
 - Level 6.2(8.2) Axes
 + Level 8.3(9.2) Maces & Flails
 - Level 3.6 Armour
 - Level 3.6 Shields


You had 8 spell levels left.
You didn't know any spells.

Dungeon Overview and Level Annotations

Branches:
Dungeon (7/15)             Temple (1/1) D:4

Altars:
Elyvilon
Fedhas
Hepliaklqana
Kikubaaqudgha
Makhleb
Nemelex Xobeh
Okawaru
Ru
Sif Muna
Wu Jian
Yredelemnul

Shops:
D:5 (


Innate Abilities, Weirdness & Mutations

You reflexively headbutt those who attack you in melee.
You have a pair of horns on your head.


Message History

The orc warrior hits you from afar with a trident!
You block the orc warrior's attack. The orc warrior hits you with a spear.
The orc warrior hits you from afar with a spear!
The orc knight hits you with a glaive.
You thump the orc knight!
The orc knight is poisoned.
The orc knight is lightly wounded.
You block the orc warrior's attack.
The orc warrior hits you from afar with a spear!
The orc warrior hits you but does no damage. x2
You bludgeon the orc knight!!
The orc knight looks as sick as possible!
The orc knight is heavily wounded.
The orc knight hits you with a glaive. You block the orc warrior's attack.
The orc warrior hits you with a spear!
* * * LOW HITPOINT WARNING * * *
You block the orc warrior's attack.
The orc warrior hits you from afar with a spear!
* * * LOW HITPOINT WARNING * * *
The orc knight hits you from afar with a glaive!!
You die...

#.≈.# ## #####+##### #####
#.≈.##. ##.........# $$.##
#.≈..## ##..≈≈≈§≈§≈.. ##.
#.≈≈..## #+§.≈§.....§§. ##..
##.≈≈..# #..≈≈...⌠...≈≈ #..≈
#∩.≈≈..# #..≈≈oo§⌠⌠..≈≈ #..≈
#.≈≈..# #..≈≈ooo..≈≈. ##..
#.≈..## #..≈§≈≈≈≈≈.. ##. #.≈.##
##.@.......# ##
#.≈)#########'###+#############
#.≈.)))))))))## ... ##.........
#.≈≈≈≈≈≈≈≈≈≈..##.∩.##..≈≈≈≈≈≈≈≈
#..........≈≈..## ##..≈≈.......
##########..≈≈..###..≈≈..######
##..≈≈.....≈≈..##
##..≈≈≈≈≈≈≈..## ##.........##


You could see an orc knight and 4 orc warriors.

Vanquished Creatures
  A hungry ghost (D:7)
  3 sky beasts
  The ghost of StylePro the Chopper, an amateur MiBe of Trog (D:3)
  An ogre (D:5)
  Blork the orc (D:4)
  3 bullfrogs
  A water moccasin zombie (D:7)
  2 scorpions
  9 wights (D:6)
  2 crimson imps
  2 hounds
  A bullfrog zombie (D:7)
  A jelly (D:6)
  3 orc priests (D:4)
  A gnoll shaman (D:6)
  An iguana (D:6)
  3 orc wizards (D:4)
  5 worker ants
  4 worker ant zombies
  5 adders
  A shadow imp (D:6)
  2 adder skeletons
  An adder zombie (D:5)
  A worm (D:5)
  A dart slug (D:1)
  2 leopard geckos (D:2)
  31 orcs
  A ball python (D:1)
  5 giant cockroaches
  2 gnoll zombies (D:7)
  17 goblins
  10 hobgoblins
  3 jackals (D:7)
  8 bats
  5 frilled lizards
  7 kobolds
  A leopard gecko skeleton (D:5)
  A leopard gecko zombie (D:6)
  A quokka skeleton (D:5)
  9 rats
159 creatures vanquished.

Notes
Turn   | Place    | Note
-------+----------+-------------------------------------------
     0 | D:1      | erloom the Minotaur Fighter began the quest for the Orb.
     0 | D:1      | Reached XP level 1. HP: 19/19 MP: 0/0
    89 | D:1      | Reached XP level 2. HP: 27/27 MP: 1/1
   102 | D:1      | Reached skill level 4 in Fighting
   539 | D:2      | Reached XP level 3. HP: 34/34 MP: 2/2
  1035 | D:2      | Found a white marble altar of Elyvilon.
  1317 | D:3      | Reached XP level 4. HP: 37/41 MP: 3/3
  1353 | D:3      | Noticed StylePro's ghost (amateur MiBe)
  1355 | D:3      | Reached skill level 5 in Fighting
  1549 | D:3      | Killed StylePro's ghost
  1549 | D:3      | Reached XP level 5. HP: 45/50 MP: 4/4
  1602 | D:3      | Reached skill level 5 in Axes
  1752 | D:3      | Found a sacrificial altar of Ru.
  1924 | D:3      | Reached skill level 6 in Fighting
  2028 | D:4      | Noticed Blork the orc
  2373 | D:4      | Reached XP level 6. HP: 46/58 MP: 5/5
  2499 | D:4      | Killed Blork the orc
  2514 | D:4      | Found a staircase to the Ecumenical Temple.
  2772 | Temple   | Entered the Ecumenical Temple
  2798 | Temple   | Became a worshipper of Warmaster Okawaru
  2877 | D:4      | Got a scorched mace
  2878 | D:4      | Identified the +8 mace "Bawkoj" {venom, Str+2 Dex+6} (You found it on level 4 of the Dungeon)
  3035 | D:4      | Found a sparkling altar of Nemelex Xobeh.
  3052 | D:4      | Reached skill level 7 in Fighting
  3052 | D:4      | Reached skill level 1 in Maces & Flails
  3126 | D:5      | Entered Level 5 of the Dungeon
  3148 | D:5      | Reached XP level 7. HP: 55/66 MP: 6/6
  3203 | D:5      | Reached * piety under Okawaru
  3426 | D:5      | Found a blossoming altar of Fedhas.
  3674 | D:5      | Found Koca Von's Weapon Shop.
  3825 | D:6      | Reached skill level 8 in Fighting
  3912 | D:6      | Reached skill level 5 in Maces & Flails
  3934 | D:6      | Reached XP level 8. HP: 75/75 MP: 7/7
  3987 | D:6      | Reached ** piety under Okawaru
  3990 | D:6      | Reached skill level 9 in Fighting
  4015 | D:6      | Found an ornate altar of the Wu Jian Council.
  4240 | D:6      | Found an ancient bone altar of Kikubaaqudgha.
  4347 | D:6      | Found a burning altar of Makhleb.
  4550 | D:7      | Reached skill level 10 in Fighting
  4558 | D:7      | Found a flagged portal.
  4716 | D:7      | Found a sacrificial altar of Ru.
  4754 | D:7      | Reached *** piety under Okawaru
  4754 | D:7      | Reached XP level 9. HP: 84/86 MP: 8/8
  4879 | D:7      | Found a hazy altar of Hepliaklqana.
  5016 | D:7      | Found a basalt altar of Yredelemnul.
  5107 | Bailey   | Entered a bailey
  5223 | Bailey   | Noticed an orc knight
  5247 | Bailey   | Demolished by an orc knight

Vault maps used:
D:1:      dpeg_arrival_another_circle
D:2:      nicolae_overflow_hidden_temple
D:3:      lemuel_round_altar
D:4:      nicolae_overflow_crystal_walls, minmay_temple_entry_trees,
          uniq_blork_the_orc
D:5:      serial_shops, nicolae_shop_behind_doors, first_bread, fedhas_altar_2
D:6:      kiku_gazebo_garden_becter, kennysheep_little_box, kennysheep_nub,
          serial_bayou_pond_e, mrwooster_statue_mirror, grunt_ministairs_15,
          st_stairs_10, kennysheep_minor_cross, makhleb_heckhound_becter
D:7:      kennysheep_mini, lemuel_zombie_altar_yredelemnul, enter_bailey_3,
          hangedman_ru_absence
Temple:   minmay_temple_curvy_loop
Bailey:   bailey_polearm_1, bailey

Skill      XL: |  1  2  3  4  5  6  7  8 |
---------------+-------------------------+-----
Axes           | 3 4 5 6 |  6.2
Fighting       | 4 5 6 7 8 10 | 10.6
Maces & Flails | 2 5 8 |  8.3
Armour         | |  3.6
Shields        | |  3.6

Action                   |  1- 3 |  4- 6 |  7- 9 || total
-------------------------+-------+-------+-------++-------
Melee: War axe           |   114 |   136 |       ||   250
       Headbutt          |    12 |    24 |    42 ||    78
       Mace              |       |    13 |   182 ||   195
 Abil: Evoke Flight      |       |       |     2 ||     2
  Use: Potion            |       |     1 |       ||     1
       Scroll            |       |     9 |     5 ||    14
  Eat: Chunk             |     1 |     7 |     4 ||    12
       Bread ration      |       |       |     1 ||     1
Armor: Scale mail        |    16 |       |       ||    16
       Plate armour      |    38 |    90 |    89 ||   217
Dodge: Dodged            |    24 |    19 |    40 ||    83
Block: Shield            |    60 |    66 |   102 ||   228
